 Dungeon Crawl Stone Soup version v3.33-hellcrawl (webtiles) character file.

397 Implojin the Combatant (level 8, -15/58 HPs)
             Began as a Mummy Enchanter on May 11, 2017.
             Was a Follower of Okawaru.
             Splashed by an acid dragon's acid (16 damage)
             ... on level 6 of the Dungeon.
             The game lasted 00:25:27 (8429 turns).

Implojin the Combatant (Mummy Enchanter)            Turns: 8429, Time: 00:25:27

Health: -15/58     AC: -1 (14%)Str: 12    XL:     8   Next: 10%
Magic:  11/11      EV: 15    Int: 14      God:    Okawaru [*.....]
Gold:   547        SH:  0    Dex: 13 (14) Spells: 5/11 levels left

rFire    + . .     SeeInvis .   F - +3 long sword
rCold    + + .     Faith    +   (no shield)
rNeg     + + +     Spirit   .   l - +2 leather armour {rC+}
rPois    ∞         Reflect  .   (no helmet)
rElec    .                      h - +0 cloak
rCorr    .                      p - +0 pair of gloves
MR       +....                  v - +1 pair of boots
Stlth    ++++......             q - amulet of faith
Regen    0.2/turn               x - ring of fire
MPRegen  0.2/turn               A - ring of fire

@: heroism, corroded, very slightly contaminated
A: no food or potions, fire vulnerability, cold resistance 1, negative energy
resistance 3, torment resistance, unbreathing
a: Heroism, Renounce Religion


You were on level 6 of the Dungeon.
You worshipped Okawaru.
Okawaru was aware of your devotion.
You were not hungry.

You visited 1 branch of the dungeon, and saw 6 of its levels.

You collected 547 gold pieces.

Inventory:

Hand Weapons
 a - a +1 dagger
 c - a +1 spear of freezing
   (You found it on level 1 of the Dungeon)
 s - a +0 trident
 B - a +0 war axe
 C - a +0 flail
 E - a +0 battleaxe
 F - a +3 long sword (weapon)
 G - a +1 long sword of freezing
   (You took it off a wight on level 6 of the Dungeon)
 H - a +0 rapier
Missiles
 i - 1723 stones
 j - 338 arrows
 t - 61 bolts
 w - 8 curare darts (quivered)
Armour
 b - a +1 robe
 f - a +0 chain mail
 h - a +0 cloak (worn)
 l - a +2 leather armour of cold resistance (worn)
   (You found it on level 2 of the Dungeon)
 p - a +0 pair of gloves (worn)
 v - a +1 pair of boots (worn)
 z - a +0 plate armour
Jewellery
 q - an amulet of faith (around neck)
   (You found it on level 3 of the Dungeon)
 u - an uncursed amulet of magic regeneration
   (You found it on level 4 of the Dungeon)
 x - a ring of fire (left hand)
   (You found it on level 5 of the Dungeon)
 A - a ring of fire (right hand)
   (You found it on level 5 of the Dungeon)
Wands
 y - a wand of flame (2)
Scrolls
 e - a scroll of enchant armour
 g - 2 scrolls of amnesia
 m - a scroll of fog
 n - 3 scrolls of immolation
 o - a scroll of blinking
 r - a scroll of enchant weapon
 D - a scroll of acquirement


   Skills:
 - Level 3.0(8.0) Fighting
 * Level 3.3(8.3) Blades
 - Level 0.8(7.1) Axes
 - Level 3.0(8.1) Polearms
 - Level 1.5(6.5) Dodging
 - Level 2.4(7.4) Stealth
 - Level 2.0 Spellcasting
 - Level 4.1 Hexes
 - Level 5.1 Invocations


You had 5 spell levels left.
You knew the following spells:

 Your Spells              Type           Power        Failure   Level  Hunger
a - Corona                Hex            12 (90)      5%          1    N/A
b - Ensorcelled Hibernat  Hex/Ice        7 (50)       21%         2    N/A
c - Tukima's Dance        Hex            12 (100)     17%         3    N/A

Dungeon Overview and Level Annotations

Branches:
Dungeon (6/15)

Altars:
Cheibriados
Dithmenos
Elyvilon
Hepliaklqana
Makhleb
Okawaru
Ru
Sif Muna
Uskayaw
Vehumet
Xom
Yredelemnul
The Shining One
Jiyva

Annotations:
D:5 1 runed door


Innate Abilities, Weirdness & Mutations

You do not eat or drink.
Your flesh is vulnerable to fire.
You are immune to poison.
Your flesh is cold resistant. (rC+)
You are immune to negative energy. (rN+++)
You are immune to unholy pain and torment.
You can survive without breathing.


Message History

Items here: )) †† a +0 hand axe; a +0 rapier; an orc corpse x2
H - a +0 rapier An adder comes into view.
An adder is nearby!
An adder is nearby!
Found 115 arrows.
The adder hisses angrily.
The adder barely misses you.
You see here 115 arrows.
j - 338 arrows (gained 115)
The adder bites you but does no damage. x2
You barely miss the adder. The adder bites you but does no damage.
You hit the adder (2).
The adder is lightly wounded.
The adder bites you but does no damage. The adder bites you (2).
You closely miss the adder.
The adder is lightly wounded.
The adder barely misses you.
You miss the adder.
The adder is lightly wounded.
The adder bites you but does no damage. The adder closely misses you.
You miss the adder.
The adder is lightly wounded.
The adder bites you (2). x2
You slash the adder (9)!
You kill the adder!
Okawaru accepts your kill.
You now have 547 gold pieces (gained 15).
n - 3 scrolls of immolation (gained 1)
An acid dragon comes into view.
The acid dragon roars!
The acid dragon spits acid at you. The splash of acid hits you!
That hurt (11)!
The acid corrodes you!
You are splashed with acid!
The acid burns (15)!
* * * LOW HITPOINT WARNING * * *
Unknown command.
You gain the combat prowess of a mighty hero.
Unknown command.
You barely miss the acid dragon. The acid dragon completely misses you.
The acid dragon claws you (3).
* * * LOW HITPOINT WARNING * * *
Unknown command.
Evoke which item? (* to show all) (? for menu, Esc to quit)
Okay, then.
Quiver which item? (- for none, * to show all) (? for menu, Esc to quit)
Okay, then.
Unknown command.
Unknown command.
Put on which piece of jewellery? (? for menu, Esc to quit)
Okay, then.
Unknown command.
Okay, then.
Unknown command.
Unknown command.
You hit the acid dragon (2).
The acid dragon is lightly wounded.
The acid dragon barely misses you. The acid dragon completely misses you.
You hit the acid dragon (2).
The acid dragon is lightly wounded.
The acid dragon barely misses you. The acid dragon closely misses you.
You slash the acid dragon (9)!
The acid dragon is heavily wounded.
The acid dragon completely misses you. The acid dragon claws you (1).
* * * LOW HITPOINT WARNING * * *
Unknown command.
You hit the acid dragon but do no damage.
The acid dragon is heavily wounded.
The acid dragon misses you. The acid dragon closely misses you.
Unknown command.
You hit the acid dragon but do no damage.
The acid dragon is heavily wounded.
The acid dragon spits acid at you. The splash of acid hits you!
That hurt (2)!
* * * LOW HITPOINT WARNING * * *
The acid corrodes you!
You are splashed with acid!
The acid burns (10)!
* * * LOW HITPOINT WARNING * * *
Unknown command.
You hit the acid dragon but do no damage.
The acid dragon is heavily wounded.
The acid dragon closely misses you. The acid dragon barely misses you.
Unknown command.
You barely miss the acid dragon.
The acid dragon is heavily wounded.
The acid dragon misses you. The acid dragon claws you (3).
* * * LOW HITPOINT WARNING * * *
Unknown command.
Unknown command.
Blink to where?
Press: ? - help, Dir - move target cursor You are very lightly contaminated with residual magic.
As you read the scroll of blinking, it crumbles to dust.
The acid dragon spits acid at you. The splash of acid hits you!
That hurt (16)!
* * * LOW HITPOINT WARNING * * *
The acid corrodes you!
You are splashed with acid!
The acid burns (16)!
You die...

#>..........####......#.##.######
#....# .## #...........##.#
.....# #..############.# .....#
#### ####...# .....# ####....###
#....# #######.......# #. #....#
#.......##.D..##... .....#
#.###..................
#.....#.........@#####....###.
#.#####..........#.......###
..... #...........#.........
#.### #.............##.###.# ..#
.#........######.# # ..#
.........## .# ..## ##.......##
#... ...###....#.....######...
.#.##..#.####...##......


You could see an acid dragon.

Vanquished Creatures
  An ice beast (D:6)
  A water moccasin zombie (D:6)
  A scorpion (D:4)
  4 crimson imps
  4 wights (D:6)
  A bullfrog zombie (D:5)
  2 quasits
  An orc priest (D:3)
  A hound (D:6)
  3 jellies
  An orc wizard (D:4)
  A centaur skeleton (D:5)
  A killer bee zombie (D:4)
  4 gnolls (D:4)
  10 adders
  2 dart slugs
  11 orcs
  10 quokkas
  10 bats
  8 giant cockroaches
  7 goblins
  7 hobgoblins
  7 jackals
  7 frilled lizards
  A giant cockroach zombie (D:6)
  4 kobolds
  9 rats
  3 fungi (D:2)
122 creatures vanquished.

Notes
Turn   | Place    | Note
-------+----------+-------------------------------------------
     0 | D:1      | Implojin the Mummy Enchanter began the quest for the Orb.
     0 | D:1      | Reached XP level 1. HP: 13/13 MP: 3/3
    87 | D:1      | Reached skill level 1 in Blades
   409 | D:1      | HP: 3/13 [jackal (3)]
   693 | D:1      | Reached XP level 2. HP: 19/19 MP: 5/5
   701 | D:1      | Learned a level 2 spell: Ensorcelled Hibernation
   919 | D:1      | Reached skill level 2 in Blades
  1310 | D:2      | Reached XP level 3. HP: 19/24 MP: 6/6
  1594 | D:2      | Found a burning altar of Makhleb.
  1725 | D:2      | Learned a level 3 spell: Tukima's Dance
  1804 | D:2      | Reached skill level 3 in Blades
  1896 | D:2      | Reached skill level 1 in Fighting
  1904 | D:2      | Reached XP level 4. HP: 24/32 MP: 7/7
  1964 | D:2      | Found a hazy altar of Hepliaklqana.
  2084 | D:2      | Found a viscous altar of Jiyva.
  2085 | D:2      | Found a shimmering altar of Xom.
  2085 | D:2      | Found a shimmering altar of Xom.
  2087 | D:2      | Found a sacrificial altar of Ru.
  2087 | D:2      | Found a faded altar of an unknown god.
  2087 | D:2      | Found a shimmering altar of Xom.
  2088 | D:2      | Found a shimmering altar of Xom.
  2088 | D:2      | Found a shimmering altar of Xom.
  2090 | D:2      | Found a shimmering altar of Xom.
  2188 | D:3      | Found a shadowy altar of Dithmenos.
  2245 | D:3      | Found a snail-covered altar of Cheibriados.
  2329 | D:3      | Reached skill level 2 in Fighting
  2861 | D:3      | Reached XP level 5. HP: 40/40 MP: 8/8
  2867 | D:3      | Reached skill level 3 in Fighting
  2926 | D:3      | HP: 10/41 [orc/+0 trident (8)]
  3349 | D:3      | Reached skill level 1 in Polearms
  3984 | D:4      | Found a deep blue altar of Sif Muna.
  3984 | D:4      | Found a radiant altar of Vehumet.
  3985 | D:4      | Found an iron altar of Okawaru.
  4007 | D:4      | Became a worshipper of Warmaster Okawaru
  4065 | D:4      | HP: 10/41 [gnoll/+0 spear (3)]
  4122 | D:4      | HP: 9/41 [gnoll/+0 flail (8)]
  4233 | D:4      | HP: 10/41 [gnoll/+0 flail (3)]
  4288 | D:4      | HP: 9/41 [gnoll/+0 flail (8)]
  4637 | D:4      | Reached skill level 3 in Hexes
  4798 | D:4      | Reached XP level 6. HP: 27/47 MP: 6/9
  4972 | D:4      | Reached skill level 4 in Hexes
  5250 | D:4      | Found a basalt altar of Yredelemnul.
  5396 | D:4      | Reached skill level 2 in Polearms
  5625 | D:4      | Found a shimmering altar of Xom.
  5676 | D:5      | Entered Level 5 of the Dungeon
  5925 | D:5      | HP: 9/47 [crimson imp (3)]
  6094 | D:5      | Reached * piety under Okawaru
  6348 | D:5      | Noticed an angel
  6349 | D:5      | Found a runed door.
  6351 | D:5      | Found a glowing golden altar of the Shining One.
  6379 | D:5      | Reached skill level 3 in Polearms
  6642 | D:5      | Reached skill level 1 in Invocations
  6642 | D:5      | Reached XP level 7. HP: 40/52 MP: 10/10
  6793 | D:5      | Noticed a dagger
  6795 | D:5      | Noticed a dagger
  6800 | D:5      | Found a hide-covered altar of Uskayaw.
  7041 | D:5      | Found a white marble altar of Elyvilon.
  7097 | D:5      | Reached skill level 2 in Invocations
  7518 | D:6      | Reached skill level 3 in Invocations
  7818 | D:6      | Reached skill level 4 in Invocations
  8128 | D:6      | Reached XP level 8. HP: 57/58 MP: 11/11
  8170 | D:6      | Reached skill level 5 in Invocations
  8429 | D:6      | HP: 1/58 [acid dragon/splash of acid (16)]
  8429 | D:6      | Splashed by an acid dragon's acid

Skill      XL: |  1  2  3  4  5  6  7  8 |
---------------+-------------------------+-----
Blades         | 1 2 3 |  3.3
Fighting       | 1 2 3 |  3.0
Polearms       | 1 3 |  3.0
Hexes          | 3 4 |  4.1
Invocations    | 1 4 5 |  5.1
Axes           | |  0.8
Dodging        | |  1.5
Stealth        | |  2.4
Spellcasting   | |  2.0

Action                   |  1- 3 |  4- 6 |  7- 9 || total
-------------------------+-------+-------+-------++-------
Melee: Spear             |   177 |   352 |    65 ||   594
       Dagger            |       |   222 |       ||   222
       Trident           |       |    41 |       ||    41
       War axe           |       |       |   135 ||   135
       Long sword        |       |       |    58 ||    58
       Punch             |       |       |     2 ||     2
Throw: Curare dart       |       |     7 |       ||     7
 Cast: Corona            |       |    10 |       ||    10
       Ensorcelled Hiber |       |    19 |       ||    19
Invok: Heroism           |       |     1 |     4 ||     5
Evoke: Wand              |       |       |     4 ||     4
  Use: Scroll            |       |     1 |     1 ||     2
 Stab: Sleeping          |     7 |     7 |     3 ||    17
Armor: Robe              |    40 |       |       ||    40
       Leather armour    |    12 |   328 |   147 ||   487
Dodge: Dodged            |   116 |   426 |   194 ||   736

Vault maps used:
D:1:      minmay_arrival_four_houses
D:2:      marbit_many_paths, lemuel_doored_altar, ecumenical_temple_of_chaos,
          minmay_gold_behind_fungi
D:3:      kennysheep_slug_shrine, nicolae_dithmenos_shadow_blocks,
          kennysheep_big_empty_room
D:4:      lemuel_coloured_pillars_altar, gammafunk_temple_overflow_claw,
          yredelemnul_altar_generic
D:5:      lemuel_round_altar, dancing_weapons_uskayaw, lemuel_angel_altar
D:6:      nicolae_gozag_cash_rules_everything_around_me, old_standard_altar,
          kennysheep_little_box

Table legend:
 A = Turns spent in this place as a percentage of turns spent in the entire game.
 B = Non-inter-level travel turns spent in this place as a percentage of non-inter-level travel turns spent in the entire game.
 C = Inter-level travel turns spent in this place as a percentage of turns spent in this place.
 D = Turns resting spent in this place as a percentage of non-inter-level travel turns spent in this place.
 E = Turns spent auto-exploring this place as a percentage of non-inter-level travel turns spent in this place.
 F = Non-inter-level travel turns spent in this place divided by the number of levels of this place that you've seen.
                   A       B       C       D       E      F
               +-------+-------+-------+-------+-------+----------------------
         Total | 100.0 | 100.0 |   0.2 |   1.4 |   4.4 | 635.5
       Dungeon | 100.0 | 100.0 |   0.2 |   1.4 |   4.4 | 635.5
               +-------+-------+-------+-------+-------+----------------------

Table legend:
 A = Kills in this place as a percentage of kills in entire the game.
 B = Kills by you in this place as a percentage of kills by you in the entire game.
 C = Kills by friends in this place as a percentage of kills by friends in the entire game.
 D = Other kills in this place as a percentage of other kills in the entire game.
 E = Experience gained in this place as a percentage of experience gained in the entire game.
 F = Experience gained in this place divided by the number of levels of this place that you have seen.
                   A       B       C       D       E      F
               +-------+-------+-------+-------+-------+----------------------
         Total | 100.0 | 100.0 |  -nan |  -nan | 100.0 | 261.3
       Dungeon | 100.0 | 100.0 |  -nan |  -nan | 100.0 | 261.3
               +-------+-------+-------+-------+-------+----------------------
